 Dungeon Crawl Stone Soup version 0.19-a0-892-g8a19e52 (webtiles) character file.

98 4thArraOfDagon the Covered (level 4, -2/37 HPs)
             Began as a Demigod Wanderer on July 4, 2016.
             Slain by an orc
             ... wielding a +0 club
              (3 damage)
             ... on level 3 of the Dungeon.
             The game lasted 00:03:18 (1068 turns).

4thArraOfDagon the Covered (Demigod Wanderer)       Turns: 1068, Time: 00:03:19

Health: -2/37      AC:  7    Str: 15    XL:     4   Next: 21%
Magic:  6/6        EV:  9    Int: 16    God:
Gold:   65         SH:  0    Dex: 17    Spells: 0 memorised, 3 levels left

rFire  . . .     SeeInvis .     a - +2 hand axe
rCold  . . .     Gourm    .     h - +0 scale mail
rNeg   . . .     Faith    .     (no shield)
rPois  .         Spirit   .     (no helmet)
rElec  .         Dismiss  .     (no cloak)
rCorr  .         Reflect  .     (no gloves)
SustAt +         Harm     .     (no boots)
MR     .....                    (no amulet)
Stlth  ..........               (no ring)
                                (no ring)

@: not resistant to hostile enchantments, extremely unstealthy
A: high mp 1, sustain attributes
a: no special abilities


You were on level 3 of the Dungeon.
You were hungry.

You visited 1 branch of the dungeon, and saw 4 of its levels.

You collected 65 gold pieces.

Inventory:

Hand Weapons
 a - a +2 hand axe (weapon)
Armour
 e - a +0 robe
 h - a +0 scale mail (worn)
Scrolls
 b - a scroll of identify
Comestibles
 f - 3 bread rations
 g - a meat ration
 i - a slice of pizza


   Skills:
 - Level 2.6 Fighting
 * Level 3.1 Axes
 - Level 4.1 Armour
 + Level 1.1 Dodging
 - Level 1.0 Stealth
   Level 1.0 Shields


You had 3 spell levels left.
You didn't know any spells.

Dungeon Overview and Level Annotations

Branches:
Dungeon (4/15)
 Temple: D:4-7

Annotations:
D:3 Terence


Innate Abilities, Weirdness & Mutations

You have an increased reservoir of magic. (+10% MP)
Your attributes are resistant to harm.


Message History

The orc hits you but does no damage.
You hit the orc priest.
The orc priest is severely wounded.
You hit Terence but do no damage. You completely miss the scorpion.
You barely miss the orc. You hit the orc. Terence hits you but does no damage.
The orc hits you but does no damage. The scorpion stings you.
The orc priest hits you with a club. The orc hits you but does no damage.
Unknown command.
Unknown command.
You closely miss the orc priest.
The orc priest is severely wounded.
Your scale mail prevents you from hitting the orc.
You hit the orc. You hit the scorpion. You hit Terence but do no damage.
Terence barely misses you. The orc closely misses you.
The scorpion closely misses you.
The orc priest mumbles some strange prayers to Beogh against you.
Beogh smites you!
* * * LOW HITPOINT WARNING * * *
The orc hits you with a club.
You die...

..................##..........._.
....################(.....##.#...
...............[..........##.##..
....#############......#####....#
##### ########.........#####.#
..............########..
..............# #...##.#
.......@s.#######...##@#
.......@o.# #........ ......oo..#
#........ ..........# #...@....
............ #........ #
.......)....# #........ #
............# #........ #
..........### #........ #
..........######........ #
.......@.....########


You could see Terence, a scorpion, an orc priest and 2 orcs.

Vanquished Creatures
  2 orc wizards (D:3)
  An adder (D:3)
  A giant gecko (D:3)
  3 orcs (D:3)
  A ball python (D:3)
  2 bats
  A giant cockroach (D:2)
  2 goblins
  4 kobolds
  A quokka (D:2)
  3 giant newts
  14 rats
35 creatures vanquished.

Notes
Turn   | Place    | Note
-------+----------+-------------------------------------------
     0 | D:1      | 4thArraOfDagon the Demigod Wanderer began the quest for the Orb.
     0 | D:1      | 4thArraOfDagon set off with: a +2 hand axe, a +0 shortbow, 26 arrows, a potion of lignification, a +0 robe, a bread ration
     0 | D:1      | Reached XP level 1. HP: 18/18 MP: 3/3
    52 | D:1      | Reached XP level 2. HP: 14/25 MP: 4/4
   399 | D:2      | Reached skill level 4 in Armour
   530 | D:4      | Noticed a slave
   755 | D:3      | Reached XP level 3. HP: 20/30 MP: 5/5
   889 | D:3      | Found a shadowy altar of Dithmenos.
   906 | D:3      | Reached skill level 1 in Dodging
   906 | D:3      | Reached XP level 4. HP: 28/37 MP: 6/6
   980 | D:3      | Found a basalt altar of Yredelemnul.
  1023 | D:3      | Noticed Terence
  1068 | D:3      | HP: 1/37 [orc priest/divine providence (12)]
  1068 | D:3      | Slain by an orc

Vault maps used:
D:1:      erik_arrival_orb_chamber, minivault_5
D:2:      first_bread, minmay_misc_feat_cross
D:3:      grunt_dithmenos_smoke, nemelex_altar_shiori,
          nicolae_overflow_crystal_walls, dancing_weapons_uskayaw, uniq_terence,
          uniq_grinder
D:4:      serial_shops, kennysheep_mini, grunt_ministairs_13,
          uniq_blork_the_orc, uniq_pikel, uniq_duvessa

Skill      XL: |  1  2  3 |
---------------+----------+-----
Axes           | 2 3 |  3.1
Armour         | 4 |  4.1
Dodging        | 1 |  1.1
Fighting       | |  2.6
Stealth        | |  1.0
Shields        | |  1.0

Action                   |  1- 3 |  4- 6 || total
-------------------------+-------+-------++-------
Melee: Hand axe          |    85 |     5 ||    90
  Use: Potion            |     2 |       ||     2
       Scroll            |       |     1 ||     1
 Stab: Sleeping          |     1 |       ||     1
Armor: Robe              |    14 |       ||    14
       Scale mail        |    18 |    11 ||    29
       Skin              |    23 |       ||    23
Dodge: Dodged            |    38 |    11 ||    49
